TOP OF THE 1ST |
Plymouth Rocks batting - Pitching for Los Cabos Cartel : RHP Dillon Nelson
|
Pitching: RHP Dillon Nelson
|
|
Batting: RHB Luis Sánchez
|
0-0: Ball 1-0: Ball 2-0: Ball 3-0: Base on Balls
|
Batting: RHB Andrés Lara
|
0-0: Foul Ball, location: 2F 0-1: Ball 1-1: Foul Ball, location: 2F 1-2: Fly out, F4 (Line Drive, 4M)
|
Batting: LHB Roy Patrick
|
0-0: Ball 1-0: Called Strike 1-1: Ball 2-1: Foul Ball, location: 2F 2-2: Strikes out swinging
|
Batting: LHB Roger Moore
|
Pickoff Throw to First - Error! E1 Luis Sánchez to second 0-0: Foul Ball, location: 2F 0-1: Ball 1-1: Ball 2-1: Foul Ball, location: 2F 2-2: Foul Ball, location: 2F 2-2: Ball 3-2: Base on Balls
|
Batting: LHB Frank Geddes
|
0-0: Called Strike 0-1: Foul Ball, location: 2F 0-2: Strikes out looking
|
Top of the 1st over - 0 run(s), 0 hit(s), 1 error(s), 2 left on base; Plymouth 0 - Los Cabos 0 |
BOTTOM OF THE 1ST |
Los Cabos Cartel batting - Pitching for Plymouth Rocks : RHP José Martínez
|
Pitching: RHP José Martínez
|
|
Batting: LHB Luis González
|
0-0: Ball 1-0: Called Strike 1-1: Ground out U3 (Groundball, 3)
|
Batting: LHB Miguel Rivería
|
0-0: Called Strike 0-1: Ball 1-1: Ball 2-1: Swinging Strike 2-2: Strikes out swinging
|
Batting: RHB Jesús Hernández
|
0-0: Ball 1-0: Foul Ball, location: 2F 1-1: Ground out 5-3 (Groundball, 5L)
|
Bottom of the 1st over - 0 run(s), 0 hit(s), 0 error(s), 0 left on base; Plymouth 0 - Los Cabos 0 |
TOP OF THE 2ND |
Plymouth Rocks batting - Pitching for Los Cabos Cartel : RHP Dillon Nelson
|
Batting: RHB António Gonzáles
|
0-0: Called Strike 0-1: Ball 1-1: Called Strike 1-2: Strikes out swinging
|
Batting: RHB Juan Valverde
|
0-0: Foul Ball, location: 2F 0-1: Called Strike 0-2: Fly out, F5 (Popup, 5F)
|
Batting: LHB Barrett Waters
|
0-0: Called Strike 0-1: Foul Ball, location: 2F 0-2: Strikes out looking
|
Top of the 2nd over - 0 run(s), 0 hit(s), 0 error(s), 0 left on base; Plymouth 0 - Los Cabos 0 |
BOTTOM OF THE 2ND |
Los Cabos Cartel batting - Pitching for Plymouth Rocks : RHP José Martínez
|
Batting: RHB Stephen Wilson
|
0-0: Ball 1-0: Ball 2-0: Called Strike 2-1: Ground out 5-3 (Groundball, 56)
|
Batting: RHB Gerardo Escobedo
|
0-0: Ball 1-0: Ball 2-0: Fly out, F2 (Popup, 2LF)
|
Batting: RHB John Pick
|
0-0: Fly out, F8 (Flyball, 89D)
|
Bottom of the 2nd over - 0 run(s), 0 hit(s), 0 error(s), 0 left on base; Plymouth 0 - Los Cabos 0 |
TOP OF THE 3RD |
Plymouth Rocks batting - Pitching for Los Cabos Cartel : RHP Dillon Nelson
|
Batting: RHB José Flores
|
0-0: Called Strike 0-1: Ball 1-1: Ball 2-1: Ball 3-1: Base on Balls
|
Batting: RHB Luis Sánchez
|
0-0: Ball José Flores steals 2nd base 1-0: Ball Wild Pitch! José Flores to third 2-0: Fly out, F9 (Flyball, 9M) Runner from 3rd tags up, SCORES, no throw
|
Batting: RHB Andrés Lara
|
0-0: Called Strike 0-1: Swinging Strike 0-2: Ball 1-2: Ball 2-2: Ball 3-2: Base on Balls
|
Batting: LHB Roy Patrick
|
0-0: Ball Andrés Lara steals 2nd base 1-0: Called Strike 1-1: Ball 2-1: Called Strike 2-2: Strikes out swinging
|
Batting: LHB Roger Moore
|
0-0: Called Strike 0-1: Ball 1-1: Foul Ball, location: 2F 1-2: Ball 2-2: Ball Wild Pitch! Andrés Lara to third 3-2: Ground out 4-3 (Groundball, 4M)
|
Top of the 3rd over - 1 run(s), 0 hit(s), 0 error(s), 1 left on base; Plymouth 1 - Los Cabos 0 |
BOTTOM OF THE 3RD |
Los Cabos Cartel batting - Pitching for Plymouth Rocks : RHP José Martínez
|
Batting: LHB Willie Wallace
|
0-0: Foul Ball, location: 2F 0-1: Foul Ball, location: 2F 0-2: Foul Ball, location: 2F 0-2: Ball 1-2: Ground out 4-3 (Groundball, 4)
|
Batting: SHB Rob Grun
|
0-0: Ball 1-0: Ball 2-0: Called Strike 2-1: Ball 3-1: Foul Ball, location: 2F 3-2: Foul Ball, location: 2F 3-2: Base on Balls
|
Batting: SHB Edgardo Osorio
|
0-0: Ball 1-0: Foul Ball, location: 2F 1-1: Called Strike 1-2: Strikes out swinging
|
Batting: LHB Luis González
|
0-0: Ball 1-0: Called Strike Rob Grun steals 2nd base 1-1: SINGLE (Groundball, 4MD) (infield hit) Rob Grun to third
|
Batting: LHB Miguel Rivería
|
0-0: Ball 1-0: Ball 2-0: Ball 3-0: Called Strike 3-1: Foul Ball, location: 2F 3-2: Foul Ball, location: 2F 3-2: Ground out 4-3 (Groundball, 4M)
|
Bottom of the 3rd over - 0 run(s), 1 hit(s), 0 error(s), 2 left on base; Plymouth 1 - Los Cabos 0 |
TOP OF THE 4TH |
Plymouth Rocks batting - Pitching for Los Cabos Cartel : RHP Dillon Nelson
|
Batting: LHB Frank Geddes
|
0-0: Called Strike 0-1: SINGLE (Groundball, 34) (infield hit)
|
Batting: RHB António Gonzáles
|
0-0: Ball 1-0: Foul Ball, location: 2F 1-1: Foul Ball, location: 2F 1-2: Fly out, F8 (Flyball, 78M)
|
Batting: RHB Juan Valverde
|
0-0: Called Strike 0-1: Ground out 5-3 (Groundball, 15S) Frank Geddes to second
|
Batting: LHB Barrett Waters
|
0-0: SINGLE (Line Drive, 78M) Frank Geddes to third Runner from 3rd tries for Home, SAFE, no throw or cutoff
|
Batting: RHB José Flores
|
0-0: Called Strike 0-1: Foul Ball, location: 2F 0-2: Ball 1-2: DOUBLE (Line Drive, 89M) Barrett Waters to third
|
Batting: RHB Luis Sánchez
|
0-0: Called Strike 0-1: Ball 1-1: Called Strike 1-2: DOUBLE (Line Drive, 5D) Barrett Waters scores José Flores scores
|
Batting: RHB Andrés Lara
|
0-0: Ball 1-0: Called Strike 1-1: Foul Ball, location: 2F 1-2: Ground out 3-1 (Groundball, 34)
|
Top of the 4th over - 3 run(s), 4 hit(s), 0 error(s), 1 left on base; Plymouth 4 - Los Cabos 0 |
BOTTOM OF THE 4TH |
Los Cabos Cartel batting - Pitching for Plymouth Rocks : RHP José Martínez
|
Batting: RHB Jesús Hernández
|
0-0: Ground out 5-3 (Groundball, 15S)
|
Batting: RHB Stephen Wilson
|
0-0: Called Strike 0-1: Ball 1-1: Foul Ball, location: 2F 1-2: Foul Ball, location: 2F 1-2: DOUBLE (Line Drive, 5D)
|
Batting: RHB Gerardo Escobedo
|
0-0: Ball 1-0: Called Strike 1-1: Foul Ball, location: 2F 1-2: Fly out, F8 (Flyball, 8RXD) Runner from 2nd tags up, SAFE at 3rd, no throw
|
Batting: RHB John Pick
|
0-0: Ball 1-0: Ground out 5-3 (Groundball, 56)
|
Bottom of the 4th over - 0 run(s), 1 hit(s), 0 error(s), 1 left on base; Plymouth 4 - Los Cabos 0 |
TOP OF THE 5TH |
Plymouth Rocks batting - Pitching for Los Cabos Cartel : RHP Dillon Nelson
|
Batting: LHB Roy Patrick
|
0-0: Called Strike 0-1: Ball 1-1: Ball 2-1: Fly out, F8 (Flyball, 8LXD)
|
Batting: LHB Roger Moore
|
0-0: Swinging Strike 0-1: Foul Ball, location: 2F 0-2: Strikes out looking
|
Batting: LHB Frank Geddes
|
0-0: Foul Ball, location: 2F 0-1: Foul Ball, location: 2F 0-2: Foul Ball, location: 2F 0-2: Ball 1-2: Foul Ball, location: 2F 1-2: Strikes out swinging
|
Top of the 5th over - 0 run(s), 0 hit(s), 0 error(s), 0 left on base; Plymouth 4 - Los Cabos 0 |
BOTTOM OF THE 5TH |
Los Cabos Cartel batting - Pitching for Plymouth Rocks : RHP José Martínez
|
Batting: LHB Willie Wallace
|
0-0: DOUBLE (Line Drive, 6M)
|
Batting: SHB Rob Grun
|
0-0: Ball 1-0: Ball 2-0: Called Strike 2-1: Foul Ball, location: 2F 2-2: Strikes out swinging
|
Batting: SHB Edgardo Osorio
|
0-0: Ball 1-0: Ball 2-0: 2-RUN HOME RUN (Flyball, 8RXD), Distance : 429 ft
|
Batting: LHB Luis González
|
0-0: Fly out, F6 (Popup, 7LS)
|
Batting: LHB Miguel Rivería
|
0-0: Foul Ball, location: 2F 0-1: Ball 1-1: Ball 2-1: Foul Ball, location: 2F 2-2: Fly out, F7 (Flyball, 78D)
|
Bottom of the 5th over - 2 run(s), 2 hit(s), 0 error(s), 0 left on base; Plymouth 4 - Los Cabos 2 |
TOP OF THE 6TH |
Plymouth Rocks batting - Pitching for Los Cabos Cartel : RHP Dillon Nelson
|
Batting: RHB António Gonzáles
|
0-0: Called Strike 0-1: Swinging Strike 0-2: Ball 1-2: Ball 2-2: Ground out 6-3 (Groundball, 6)
|
Batting: RHB Juan Valverde
|
0-0: Ball 1-0: Called Strike 1-1: Called Strike 1-2: Ball 2-2: Foul Ball, location: 2F 2-2: Ground out 6-3 (Groundball, 6M)
|
Batting: LHB Barrett Waters
|
0-0: Called Strike 0-1: Called Strike 0-2: Foul Ball, location: 2F 0-2: Foul Ball, location: 2F 0-2: Ball 1-2: Ball 2-2: Ball 3-2: Base on Balls
|
Pitching: RHP Masahiko Okada
|
|
Batting: RHB José Flores
|
0-0: Called Strike 0-1: Called Strike Barrett Waters steals 2nd base 0-2: Ball 1-2: Foul Ball, location: 2F 1-2: Ball 2-2: Ground out 6-3 (Groundball, 6M)
|
Top of the 6th over - 0 run(s), 0 hit(s), 0 error(s), 1 left on base; Plymouth 4 - Los Cabos 2 |
BOTTOM OF THE 6TH |
Los Cabos Cartel batting - Pitching for Plymouth Rocks : RHP José Martínez
|
Batting: RHB Jesús Hernández
|
0-0: Ball 1-0: Foul Ball, location: 2F 1-1: Ball 2-1: Foul Ball, location: 2F 2-2: Strikes out looking
|
Batting: RHB Stephen Wilson
|
0-0: Ball 1-0: Ball 2-0: Ball 3-0: Called Strike 3-1: SINGLE (Line Drive, 34D)
|
Batting: RHB Gerardo Escobedo
|
0-0: Foul Ball, location: 2F 0-1: Fly out, F8 (Line Drive, 8RM)
|
Batting: RHB John Pick
|
0-0: Called Strike 0-1: Foul Ball, location: 2F 0-2: Strikes out swinging
|
Bottom of the 6th over - 0 run(s), 1 hit(s), 0 error(s), 1 left on base; Plymouth 4 - Los Cabos 2 |
TOP OF THE 7TH |
Plymouth Rocks batting - Pitching for Los Cabos Cartel : RHP Masahiko Okada
|
Batting: RHB Luis Sánchez
|
0-0: Ball 1-0: Foul Ball, location: 2F 1-1: Ball 2-1: Fly out, F5 (Line Drive, 5)
|
Batting: RHB Andrés Lara
|
0-0: Fly out, F9 (Flyball, 9M)
|
Batting: LHB Roy Patrick
|
0-0: Ground out 6-3 (Groundball, 6)
|
Top of the 7th over - 0 run(s), 0 hit(s), 0 error(s), 0 left on base; Plymouth 4 - Los Cabos 2 |
BOTTOM OF THE 7TH |
Los Cabos Cartel batting - Pitching for Plymouth Rocks : RHP José Martínez
|
Batting: LHB Willie Wallace
|
0-0: Ball 1-0: Foul Ball, location: 2F 1-1: Fly out, F9 (Flyball, 89M)
|
Batting: SHB Rob Grun
|
0-0: Ball 1-0: Called Strike 1-1: Swinging Strike 1-2: SINGLE (Groundball, 4MD)
|
Batting: SHB Edgardo Osorio
|
0-0: Ball 1-0: Swinging Strike 1-1: Swinging Strike 1-2: Strikes out swinging
|
Batting: LHB Luis González
|
0-0: Fly out, F5 (Popup, 56)
|
Bottom of the 7th over - 0 run(s), 1 hit(s), 0 error(s), 1 left on base; Plymouth 4 - Los Cabos 2 |
TOP OF THE 8TH |
Plymouth Rocks batting - Pitching for Los Cabos Cartel : RHP Masahiko Okada
|
Batting: LHB Roger Moore
|
0-0: Ball 1-0: Foul Ball, location: 2F 1-1: Foul Ball, location: 2F 1-2: Foul Ball, location: 2F 1-2: Ball 2-2: Strikes out swinging
|
Batting: LHB Frank Geddes
|
0-0: Foul Ball, location: 2F 0-1: Fly out, F8 (Flyball, 8LM)
|
Batting: RHB António Gonzáles
|
0-0: Called Strike 0-1: Foul Ball, location: 2F 0-2: Ball 1-2: SINGLE (Groundball, 6)
|
Pitching: RHP Yajirobei Endo
|
|
Batting: RHB Juan Valverde
|
0-0: Foul Ball, location: 2F 0-1: Swinging Strike 0-2: Strikes out swinging
|
Top of the 8th over - 0 run(s), 1 hit(s), 0 error(s), 1 left on base; Plymouth 4 - Los Cabos 2 |
BOTTOM OF THE 8TH |
Los Cabos Cartel batting - Pitching for Plymouth Rocks : RHP José Martínez
|
Pitching: RHP Lorenzo Ramos
|
|
Batting: LHB Miguel Rivería
|
0-0: Swinging Strike 0-1: Swinging Strike 0-2: Strikes out swinging
|
Batting: RHB Jesús Hernández
|
0-0: Called Strike 0-1: Ball 1-1: Foul Ball, location: 2F 1-2: Foul Ball, location: 2F 1-2: Strikes out swinging
|
Batting: RHB Stephen Wilson
|
0-0: Ball 1-0: Foul Ball, location: 2F 1-1: Ball 2-1: Foul Ball, location: 2F 2-2: Strikes out swinging
|
Bottom of the 8th over - 0 run(s), 0 hit(s), 0 error(s), 0 left on base; Plymouth 4 - Los Cabos 2 |
TOP OF THE 9TH |
Plymouth Rocks batting - Pitching for Los Cabos Cartel : RHP Yajirobei Endo
|
Batting: LHB Barrett Waters
|
0-0: Called Strike 0-1: Ground out U3 (Groundball, 3L)
|
Batting: RHB José Flores
|
0-0: Called Strike 0-1: Called Strike 0-2: Ball 1-2: Ball 2-2: Strikes out swinging
|
Batting: RHB Luis Sánchez
|
0-0: Ball 1-0: Ball 2-0: SINGLE (Groundball, 13S) (infield hit)
|
Batting: RHB Andrés Lara
|
0-0: Called Strike 0-1: Swinging Strike 0-2: Ball 1-2: Ball 2-2: Fly out, F9 (Flyball, 9LM)
|
Top of the 9th over - 0 run(s), 1 hit(s), 0 error(s), 1 left on base; Plymouth 4 - Los Cabos 2 |
BOTTOM OF THE 9TH |
Los Cabos Cartel batting - Pitching for Plymouth Rocks : RHP Lorenzo Ramos
|
Pitching: RHP Scot MacIntosh
|
|
Batting: RHB Gerardo Escobedo
|
0-0: Called Strike 0-1: Foul Ball, location: 2F 0-2: Strikes out swinging
|
Batting: RHB John Pick
|
0-0: Ground out 4-3 (Groundball, 4)
|
Batting: LHB Willie Wallace
|
0-0: Called Strike 0-1: Ball 1-1: Swinging Strike 1-2: SINGLE (Line Drive, 3D)
|
Batting: SHB Rob Grun
|
0-0: Ball 1-0: Foul Ball, location: 2F 1-1: SINGLE (Line Drive, 7S) Willie Wallace to second
|
Pinch Hitting: RHB Wilbert Rodgers
|
0-0: Foul Ball, location: 2F 0-1: Ball 1-1: Swinging Strike Balk! Willie Wallace to third Rob Grun to second 1-2: SINGLE (Groundball, 56D) Willie Wallace scores Rob Grun to third Runner from 3rd tries for Home, SAFE, throw made home Wilbert Rodgers to second
|
Batting: LHB Luis González
|
0-0: Foul Ball, location: 2F 0-1: Ball 1-1: Ball 2-1: Ball 3-1: Base on Balls
|
Batting: LHB Miguel Rivería
|
0-0: Ball 1-0: Foul Ball, location: 2F 1-1: Called Strike 1-2: Foul Ball, location: 2F 1-2: Ball 2-2: Ball 3-2: Foul Ball, location: 2F 3-2: Base on Balls Wilbert Rodgers to third Luis González to second
|
Batting: RHB Jesús Hernández
|
0-0: Ball 1-0: Called Strike 1-1: Swinging Strike 1-2: Foul Ball, location: 2F 1-2: Strikes out swinging
|
Bottom of the 9th over - 2 run(s), 3 hit(s), 0 error(s), 3 left on base; Plymouth 4 - Los Cabos 4 |
TOP OF THE 10TH |
Plymouth Rocks batting - Pitching for Los Cabos Cartel : RHP Yajirobei Endo
|
Pitching: LHP Santiago González
|
|
Now in CF: Wilbert Rodgers
|
|
Batting: LHB Roy Patrick
|
0-0: Ball 1-0: Called Strike 1-1: Foul Ball, location: 2F 1-2: Foul Ball, location: 2F 1-2: Ball 2-2: Ground out 4-3 (Groundball, 4M)
|
Pinch Hitting: RHB António Zúńiga
|
0-0: Ground out 5-3 (Groundball, 56)
|
Pinch Hitting: SHB Greg Welch
|
0-0: Ball 1-0: Foul Ball, location: 2F 1-1: Foul Ball, location: 2F 1-2: Ball 2-2: Foul Ball, location: 2F 2-2: Ball 3-2: Strikes out swinging
|
Top of the 10th over - 0 run(s), 0 hit(s), 0 error(s), 0 left on base; Plymouth 4 - Los Cabos 4 |
BOTTOM OF THE 10TH |
Los Cabos Cartel batting - Pitching for Plymouth Rocks : RHP Scot MacIntosh
|
Now at 1B: Júlio Negrón
|
|
Now in LF: António Zúńiga
|
|
Batting: RHB Stephen Wilson
|
0-0: Ball 1-0: Foul Ball, location: 2F 1-1: Called Strike 1-2: Foul Ball, location: 2F 1-2: Foul Ball, location: 2F 1-2: Strikes out looking
|
Batting: RHB Gerardo Escobedo
|
0-0: Called Strike 0-1: Ball 1-1: Ball 2-1: Called Strike 2-2: Foul Ball, location: 2F 2-2: Strikes out swinging
|
Batting: RHB John Pick
|
0-0: Ball 1-0: Called Strike 1-1: Called Strike 1-2: Foul Ball, location: 2F 1-2: Ball 2-2: Foul Ball, location: 2F 2-2: SINGLE (Flyball, 89S)
|
Batting: LHB Willie Wallace
|
0-0: Ball 1-0: Swinging Strike 1-1: Fly out, F4 (Popup, 4D)
|
Bottom of the 10th over - 0 run(s), 1 hit(s), 0 error(s), 1 left on base; Plymouth 4 - Los Cabos 4 |
TOP OF THE 11TH |
Plymouth Rocks batting - Pitching for Los Cabos Cartel : LHP Santiago González
|
Batting: RHB António Gonzáles
|
0-0: Called Strike 0-1: SINGLE (Flyball, 89S)
|
Batting: RHB Juan Valverde
|
0-0: Ball 1-0: Bunted foul 1-1: Bunted foul 1-2: Ball 2-2: Foul Ball, location: 2F 2-2: Strikes out swinging
|
Batting: LHB Barrett Waters
|
0-0: Called Strike 0-1: Called Strike 0-2: Strikes out swinging
|
Batting: RHB José Flores
|
0-0: Ball 1-0: Ball 2-0: Ball 3-0: Base on Balls António Gonzáles to second
|
Batting: RHB Luis Sánchez
|
0-0: Ball 1-0: Ball 2-0: Foul Ball, location: 2F 2-1: Foul Ball, location: 2F 2-2: SINGLE (Groundball, 56D) António Gonzáles to third José Flores to second Runner from 3rd tries for Home, SAFE, no throw or cutoff
|
Batting: RHB Andrés Lara
|
0-0: Called Strike 0-1: Foul Ball, location: 2F 0-2: Foul Ball, location: 2F 0-2: Foul Ball, location: 2F 0-2: Ball 1-2: Ball 2-2: Ball 3-2: Strikes out swinging
|
Top of the 11th over - 1 run(s), 2 hit(s), 0 error(s), 2 left on base; Plymouth 5 - Los Cabos 4 |
BOTTOM OF THE 11TH |
Los Cabos Cartel batting - Pitching for Plymouth Rocks : RHP Scot MacIntosh
|
Pitching: RHP Scotty Johnson
|
|
Batting: SHB Rob Grun
|
0-0: SINGLE (Groundball, 4MD)
|
Batting: RHB Wilbert Rodgers
|
0-0: Called Strike 0-1: Ground out 5-3 (Groundball, 5S) Rob Grun to second
|
Batting: LHB Luis González
|
0-0: Swinging Strike 0-1: Ball 1-1: Ground out 4-3 (Groundball, 13) Rob Grun to third
|
Batting: LHB Miguel Rivería
|
0-0: Ground out 6-3 (Groundball, 6M)
|
Bottom of the 11th over - 0 run(s), 1 hit(s), 0 error(s), 1 left on base; Plymouth 5 - Los Cabos 4 |
|